 Dungeon Crawl Stone Soup version 0.29.1-15-g9cfb28693d (webtiles) character file.

Game seed: 8086774627094040376

121 Ast3rio the Cutter (level 5, 0/47 HPs)
             Began as a Gnoll Cinder Acolyte on Mar 7, 2023.
             Was a High Priest of Ignis.
             Slain by an orc
             ... wielding a +0 club
              (3 damage)
             ... on level 3 of the Dungeon.
             The game lasted 00:06:26 (3063 turns).

Ast3rio the Cutter (Gnoll Cinder Acolyte)           Turns: 3063, Time: 00:06:26

Health: 0/47       AC: 10    Str: 15    XL:     5   Next: 5%
Magic:  9/9        EV:  4    Int: 14    God:    Ignis [*****.]
Gold:   85         SH:  0    Dex:  7    Spells: 10/10 levels left

rFire   + . .      SeeInvis .   i - +0 short sword (holy)
rCold   . . .      Faith    .   (no shield)
rNeg    . . .      Spirit   .   f - +0 plate armour
rPois   .          Reflect  .   (no helmet)
rElec   .          Harm     .   (no cloak)
rCorr   .          Rampage  .   (no gloves)
Will    .....                   (no boots)
Stlth   ..........              (no amulet)
HPRegen 0.15/turn               (no ring)
MPRegen 0.11/turn               (no ring)

@: confused
A: fangs 1, strong nose, distributed training
a: Renounce Religion, Fiery Armour, Foxfire Swarm, Rising Flame


You were on level 3 of the Dungeon.
You worshipped Ignis.
Ignis was extremely pleased with you.
You visited 1 branch of the dungeon, and saw 3 of its levels.

You collected 85 gold pieces.

Inventory:

Hand Weapons
 a - a -1 short sword of flaming
 i - a +0 short sword of holy wrath (weapon)
 v - a +0 dagger of protection
Missiles
 u - a throwing net (quivered)
Armour
 b - a +0 robe
 f - a +0 plate armour (worn)
Jewellery
 p - a +6 ring of dexterity
Scrolls
 c - a scroll of summoning {unknown}
 d - 4 scrolls of butterflies {unknown}
 j - a scroll of magic mapping {unknown}
 k - 2 scrolls of enchant armour {unknown}
 m - 2 scrolls of vulnerability {unknown}
 q - 2 scrolls of teleportation {unknown}
 r - a scroll of enchant weapon {unknown}
 s - 2 scrolls of identify {unknown}
 t - a scroll of brand weapon {unknown}
Potions
 e - a potion of heal wounds {unknown}
 g - a potion of invisibility {unknown}
 h - a potion of cancellation {unknown}
 l - a potion of resistance
 n - a potion of lignification {unknown}
 o - a potion of flight {unknown}


   Skills:
 + Level 6.6 Fighting
 + Level 6.6 Short Blades
 + Level 1.4 Long Blades
 + Level 1.4 Axes
 + Level 1.4 Maces & Flails
 + Level 1.4 Polearms
 + Level 1.4 Staves
 + Level 1.4 Ranged Weapons
 + Level 1.4 Throwing
 + Level 1.4 Armour
 + Level 1.4 Dodging
 + Level 1.4 Stealth
 + Level 1.4 Shields
 + Level 1.4 Unarmed Combat
 + Level 3.1 Spellcasting
 + Level 1.1 Conjurations
 + Level 1.1 Hexes
 + Level 1.1 Summonings
 + Level 1.1 Necromancy
 + Level 1.1 Translocations
 + Level 1.1 Transmutations
 + Level 5.5 Fire Magic
 + Level 1.1 Ice Magic
 + Level 1.1 Air Magic
 + Level 1.1 Earth Magic
 + Level 1.1 Poison Magic
 + Level 1.5 Invocations
 + Level 1.4 Evocations


You had 10 spell levels left.
You didn't know any spells.
Your spell library contained the following spells:

 Spells                   Type           Power      Damage    Failure   Level
 Scorch                   Fire           34%        2d7       97%         2
 Sandblast                Erth           10%        2d5       100%        1
 Passwall                 Tmut/Erth      4%         N/A       100%        2
 Dazzling Flash           Conj/Hex       10%        N/A       100%        3
 Stone Arrow              Conj/Erth      10%        3d7       100%        3
 Iskenderun's Mystic Bla  Conj/Tloc      5%         2d3       100%        4
 Starburst                Conj/Fire      5%         6d4       100%        6


Dungeon Overview and Level Annotations

Branches:
Dungeon (3/15)

Altars:
Vehumet
The Shining One

Shops:
D:1 =

Annotations:
D:3 1 transporter


Innate Abilities, Weirdness & Mutations

You have very sharp teeth.
Your uncanny sense of smell can sniff out nearby items.
Your experience applies equally to all skills.


Message History

You hear some strange, mumbled words.
You are more confused.
You're too confused to move!
Something hits you but does no damage. The orc hits you with a +0 club.
Something hits you but does no damage.
You're too confused to move!
You hear some strange, mumbled words.
A puff of flame appears from out of thin air!
The puff of flame hits you but does no damage.
Something hits you.
You hit something but do no damage. The orc hits you with a +0 club.
* * * LOW HITPOINT WARNING * * *
You hear some strange, mumbled words.
A magic dart appears from out of thin air!
The magic dart hits you but does no damage.
You hit the orc.
The orc is lightly wounded.
The orc wizard gestures wildly while chanting.
The orc wizard flickers and vanishes!
The orc hits you with a +0 club.
* * * LOW HITPOINT WARNING * * *
The orc hits you with a +0 dagger.
* * * LOW HITPOINT WARNING * * *
Something hits you but does no damage.
You barely miss the orc.
The orc is lightly wounded.
You're too confused to move!
You hear some strange, mumbled words.
You are more confused.
The orc barely misses you. Something hits you but does no damage.
You completely miss something.
An orc wizard appears from thin air!
Reactivating autopickup.
You hear some strange, mumbled words.
Deactivating autopickup; reactivate with Ctrl-A.
You are more confused.
The orc hits you but does no damage.
The orc wizard hits you with a +0 dagger.
* * * LOW HITPOINT WARNING * * *
You're too confused to move!
Something hits you.
* * * LOW HITPOINT WARNING * * *
The orc hits you with a +0 club.
You die...

#.# #.. #.# #..
#.# ... ..##.#
########....###.
........))......
..####..Jo#
.......o.##
########{@#
##..(†..##o# #
..#..#..#..#.#
#...#._#..#_.#.#
#.#.#..#..#..#.#
###...#⌠.#..#.⌠#.#
....#.####''####.#
###.....8#..#8...#
###.....'....'...#


You could see an orc wizard, 2 orcs and an endoplasm.

Vanquished Creatures
  6 adders
  3 dart slugs
  2 orcs (D:3)
  8 bats
  7 endoplasms
  2 giant cockroaches
  3 goblins
  2 hobgoblins (D:1)
  5 jackals
  2 quokkas (D:1)
  4 ball pythons
  5 frilled lizards
  6 kobolds
  5 rats
60 creatures vanquished.

Vanquished Creatures (others)
  4 toadstools (D:1)
4 creatures vanquished.

Grand Total: 64 creatures vanquished

Notes
Turn   | Place    | Note
-------+----------+-------------------------------------------
     0 | D:1      | Ast3rio the Gnoll Cinder Acolyte began the quest for the
                  | Orb.
     0 | D:1      | Reached XP level 1. HP: 23/23 MP: 4/4
   387 | D:1      | Reached XP level 2. HP: 29/29 MP: 5/5
   860 | D:1      | Reached XP level 3. HP: 35/35 MP: 7/7
  1045 | D:1      | Found Uli Not's Jewellery Shoppe.
  1542 | D:2      | Identified the +1 ring mail of the Spider Nest {rPois
                  | Str+5}
  1559 | D:2      | Reached skill level 1 in Invocations
  1874 | D:2      | Reached skill level 1 in Long Blades
  1874 | D:2      | Reached skill level 1 in Axes
  1874 | D:2      | Reached skill level 1 in Maces & Flails
  1874 | D:2      | Reached skill level 1 in Polearms
  1874 | D:2      | Reached skill level 1 in Staves
  1874 | D:2      | Reached skill level 1 in Ranged Weapons
  1874 | D:2      | Reached skill level 1 in Throwing
  1874 | D:2      | Reached skill level 1 in Armour
  1874 | D:2      | Reached skill level 1 in Dodging
  1874 | D:2      | Reached skill level 1 in Stealth
  1874 | D:2      | Reached skill level 1 in Shields
  1874 | D:2      | Reached skill level 1 in Unarmed Combat
  1874 | D:2      | Reached skill level 1 in Evocations
  2239 | D:2      | Reached XP level 4. HP: 38/41 MP: 8/8
  2411 | D:2      | Reached skill level 1 in Conjurations
  2411 | D:2      | Reached skill level 1 in Hexes
  2411 | D:2      | Reached skill level 1 in Summonings
  2411 | D:2      | Reached skill level 1 in Necromancy
  2411 | D:2      | Reached skill level 1 in Translocations
  2411 | D:2      | Reached skill level 1 in Transmutations
  2411 | D:2      | Reached skill level 1 in Ice Magic
  2411 | D:2      | Reached skill level 1 in Air Magic
  2411 | D:2      | Reached skill level 1 in Earth Magic
  2411 | D:2      | Reached skill level 1 in Poison Magic
  2707 | D:3      | Found a transporter.
  2857 | D:3      | Found a large runed translucent door.
  2864 | D:3      | Found a large runed translucent door.
  2878 | D:3      | Found a glowing golden altar of the Shining One.
  2885 | D:3      | Reached XP level 5. HP: 32/47 MP: 9/9
  2889 | D:3      | Found a radiant altar of Vehumet.
  3063 | D:3      | Slain by an orc

Illustrated notes

Levels and vault maps discovered:
D:1:      ldierk_walled_garden_2, layout_loops_cross, serial_shops, shop,
          minmay_misc_feat_rugged, minmay_misc_feat_columns
D:2:      layout_basic, minmay_misc_feat_five,
          hangedman_abyss_or_decor_lesser_grid
D:3:      layout_basic, jmf_multi_god_temple2, gammafunk_ghost_smash,
          uniq_jessica

Skill      XL: |  1  2  3  4 |
---------------+-------------+-----
Invocations    | 1 |  1.5
Long Blades    | 1 |  1.4
Axes           | 1 |  1.4
Maces & Flails | 1 |  1.4
Polearms       | 1 |  1.4
Staves         | 1 |  1.4
Ranged Weapons | 1 |  1.4
Throwing       | 1 |  1.4
Armour         | 1 |  1.4
Dodging        | 1 |  1.4
Stealth        | 1 |  1.4
Shields        | 1 |  1.4
Unarmed Combat | 1 |  1.4
Evocations     | 1 |  1.4
Spellcasting   | 3 |  3.1
Conjurations   | 1 |  1.1
Hexes          | 1 |  1.1
Summonings     | 1 |  1.1
Necromancy     | 1 |  1.1
Translocations | 1 |  1.1
Transmutations | 1 |  1.1
Ice Magic      | 1 |  1.1
Air Magic      | 1 |  1.1
Earth Magic    | 1 |  1.1
Poison Magic   | 1 |  1.1
Fighting       | |  6.6
Short Blades   | |  6.6
Fire Magic     | |  5.5

Action                   |  1- 3 |  4- 6 || total
-------------------------+-------+-------++-------
Melee: Short sword       |   211 |   159 ||   370
       Bite              |    23 |    18 ||    41
       Punch             |       |     3 ||     3
Armor: Plate armour      |   187 |   139 ||   326
       Robe              |     2 |       ||     2
Dodge: Dodged            |    44 |    38 ||    82
